 Dungeon Crawl Stone Soup version 0.30-a0-465-g8901f6c8b5 (webtiles) character file.

Game seed: 117293286945743523

399448 Zonian the Eclecticist (level 24, -22/171 HPs)
             Began as a Djinni Ice Elementalist on Dec 16, 2022.
             Was a High Priest of Ashenzari.
             Killed from afar by a tengu reaver (51 damage)
             ... with a bolt of cold
             ... led by Sojobo
             ... on level 3 of the Vaults on Dec 17, 2022.
             The game lasted 03:39:00 (60045 turns).

Zonian the Eclecticist (Djinni Ice Elementalist)   Turns: 60045, Time: 03:39:14

Health: -22/171    AC: 17    Str:  9    XL:     24   Next: 38%
Gold:   3026       EV: 30    Int: 36    God:    Ashenzari [*****.] SH: 18 Dex: 21

rFire   + + .      SeeInvis +    Z - +2 sling "Spiderslayer" {antimagic, rElec Int+8 Dex-3 SInv}
rCold   x . .      Faith    .    H - +5 kite shield of Ashenzari's Stars {reflect, Melee, Fort} (curse)
rNeg    . . .      Spirit   .    z - +2 steam dragon scales of the Lashed Vision {Melee, Fort} (curse)
rPois   ∞          Reflect  +    j - +1 helmet of Star-Bound Wisdom {Range, Evo} (curse)
rElec   +          Harm     .    u - +0 cloak of the Special Ultimatums {Drain Int+3 Dex+2 Slay+3}
rCorr   .          Rampage  .    T - +2 pair of gloves "Sibylline Soothsayer" {Cun, Self} (curse)
Will    ++...      Clarity  +    (boots unavailable)
Stlth   +++++++...               k - amulet of Ashenzari's the Ego {Regen+, Cun, Evo} (curse)
HPRegen 1.28/turn                s - ring "Oracular Embarrassment" {Dex+6, Cun, Range} (curse)
MPRegen 0.00/turn                U - ring of Supernal Knowledge {EV+4, Self, Range} (curse)

@: flying, studying Short Blades
A: sickness immunity, fire resistance 2, cold vulnerability 1, float, innate
caster, HP casting, extra vitality 1, frail 1
}: 2/15 runes: decaying, gossamer
a: Renounce Religion, Curse Item, Shatter the Chains


You were on level 3 of the Vaults.
You worshipped Ashenzari.
Ashenzari was extremely pleased with you.
You visited 8 branches of the dungeon, and saw 37 of its levels.
You visited the Abyss 2 times.
You also visited: Bailey.

You collected 4247 gold pieces.
You spent 1221 gold pieces at shops.

Inventory:

Hand Weapons
 C - a +8 double sword of freezing
 F - a +4 scimitar of flaming
 V - the +4 dagger "Nuagoniq" {vorpal, rC+ Dex+4 SInv}
   (You found it on level 5 of the Lair of Beasts)

   It inflicts extra damage upon your enemies.
   Dex:       It affects your dexterity (+4).
   rC:        It protects you from cold.
   SInv:      It lets you see invisible.
 Z - the +2 sling "Spiderslayer" (weapon) {antimagic, rElec Int+8 Dex-3 SInv}
   (You acquired it on level 2 of the Swamp)

   It reduces the magical energy of the wielder, and disrupts the spells and
   magical abilities of those it strikes.
   Natural abilities and divine invocations are not affected.
   Int:       It affects your intelligence (+8).
   Dex:       It affects your dexterity (-3).
   rElec:     It insulates you from electricity.
   SInv:      It lets you see invisible.
Missiles
 b - 45 boomerangs
 v - 36 poisoned darts
 O - a curare-tipped dart
 W - 9 datura-tipped darts
Armour
 j - the cursed +1 helmet of Star-Bound Wisdom (worn) {Range, Evo}
   (You found it on level 5 of the Dungeon)

   It has a curse which improves the following skills: Ranged Combat: Ranged
   Weapons and Throwing.
   Evocations: Evocations.
 u - the +0 cloak of the Special Ultimatums (worn) {Drain Int+3 Dex+2 Slay+3}
   (You found it on level 3 of the Elven Halls)

   Int:       It affects your intelligence (+3).
   Dex:       It affects your dexterity (+2).
   Slay:      It affects your accuracy & damage with ranged weapons and melee
   (+3).
   Drain:     It drains your maximum health when unequipped.
 z - the cursed +2 steam dragon scales of the Lashed Vision (worn) {Melee, Fort}
   (You found it on level 6 of the Dungeon)

   It has a curse which improves the following skills: Melee Combat: Short
   Blades, Long Blades, Axes, Maces & Flails, Polearms, Staves and Unarmed
   Combat.
   Fortitude: Armour and Shields.
 H - the cursed +5 kite shield of Ashenzari's Stars (worn) {reflect, Melee, Fort}
   (You took it off Donald on level 1 of the Swamp)

   It has a curse which improves the following skills: Melee Combat: Short
   Blades, Long Blades, Axes, Maces & Flails, Polearms, Staves and Unarmed
   Combat.
   Fortitude: Armour and Shields.
 T - the cursed +2 pair of gloves "Sibylline Soothsayer" (worn) {Cun, Self}
   (You found it on level 3 of the Lair of Beasts)

   It has a curse which improves the following skills: Cunning: Dodging and
   Stealth.
   Introspection: Fighting and Spellcasting.
Jewellery
 k - the cursed amulet of Ashenzari's the Ego (around neck) {Regen+, Cun, Evo}
   (You found it on level 2 of the Dungeon)

   [amulet of regeneration]

   Regen:     It increases your rate of health regeneration.
   It has a curse which improves the following skills: Cunning: Dodging and
   Stealth.
   Evocations: Evocations.
 r - the ring "Nebryxt" {Wiz rPois Dex+2 SInv}
   (You took it off a deep elf annihilator on level 3 of the Elven Halls)

   [ring of wizardry]

   It improves your spell success rate.
   Dex:       It affects your dexterity (+2).
   rPois:     It protects you from poison.
   SInv:      It lets you see invisible.
 s - the cursed ring "Oracular Embarrassment" (left hand) {Dex+6, Cun, Range}
   (You found it on level 5 of the Dungeon)

   [ring of dexterity]

   Dex:       It affects your dexterity (+6).
   It has a curse which improves the following skills: Cunning: Dodging and
   Stealth.
   Ranged Combat: Ranged Weapons and Throwing.
 B - the ring of Xom's Bemusement {rCorr Int+6}
   (You took it off a deep elf archer on level 3 of the Elven Halls)

   [ring of intelligence]

   Int:       It affects your intelligence (+6).
   rCorr:     It protects you from acid and corrosion.
 N - the ring "Jotank" {rElec rPois rF- rC+}
   (You took it off a deep elf sorcerer on level 3 of the Elven Halls)

   [ring of protection from cold]

   rF:        It makes you vulnerable to fire.
   rC:        It protects you from cold.
   rElec:     It insulates you from electricity.
   rPois:     It protects you from poison.
 U - the cursed ring of Supernal Knowledge (right hand) {EV+4, Self, Range}
   (You found it on level 5 of the Lair of Beasts)

   [ring of evasion]

   EV:        It affects your evasion (+4).
   It has a curse which improves the following skills: Introspection: Fighting
   and Spellcasting.
   Ranged Combat: Ranged Weapons and Throwing.
Wands
 e - a wand of flame (64)
 p - a wand of light (11)
 w - a wand of paralysis (67)
 y - a wand of mindburst (38)
 A - a wand of polymorph (10)
 Q - a wand of digging (13)
 S - a wand of iceblast (22)
Scrolls
 f - 2 scrolls of silence
 g - 3 scrolls of fear
 l - 2 scrolls of fog
 m - 9 scrolls of blinking
 n - 13 scrolls of teleportation
 t - 3 scrolls of brand weapon
 I - 8 scrolls of magic mapping
 J - 3 scrolls of summoning
 P - 8 scrolls of poison
Potions
 d - 8 potions of might
 h - 3 potions of lignification
 i - 5 potions of resistance
 D - 6 potions of haste
 E - 3 potions of cancellation
 G - 5 potions of ambrosia
 K - 6 potions of brilliance
 L - 8 potions of heal wounds
 R - 13 potions of curing
 Y - 2 potions of invisibility
Miscellaneous
 a - a phial of floods
 c - a lightning rod (4/4)
 o - a condenser vane (inert)
 q - a phantom mirror (inert)
 x - a box of beasts
 X - a tin of tremorstones (2/2)


   Skills:
 - Level 17.7(21.0) Fighting
 - Level 7.3(13.4) Short Blades
 - Level 13.0(17.0) Long Blades
 - Level 9.3(13.8) Ranged Weapons
 - Level 4.0(8.0) Throwing
 - Level 8.5(12.0) Armour
 - Level 15.6(20.0) Dodging
 - Level 13.5(18.0) Stealth
 - Level 6.5(10.0) Shields
 + Level 19.0(22.2) Spellcasting
 - Level 11.5(15.0) Evocations


You had 2 spell levels left.
You knew the following spells:

 Your Spells              Type           Power      Damage    Failure   Level
a - Freeze                Ice            100%       1d10      0%          1
b - Frozen Ramparts       Ice            100%       1d16      0%          3
c - Ozocubu's Armour      Ice            100%       N/A       0%          3
d - Summon Ice Beast      Ice/Summ       100%       N/A       0%          4
e - Sting                 Tmut/Pois      100%       1d8       0%          1
f - Ensorcelled Hibernat  Hex/Ice        100%       N/A       0%          2
g - Gell's Gravitas       Tloc           100%       N/A       0%          3
h - Vhi's Electric Charg  Tloc/Air       100%       N/A       0%          3
i - Borgnjor's Vile Clut  Necr/Erth      58%        N/A       0%          5
j - Silence               Hex/Air        58%        N/A       0%          5
k - Starburst             Conj/Fire      58%        6d15      1%          6
l - Malign Gateway        Summ/Tloc      58%        N/A       1%          7
m - Summon Hydra          Summ           58%        N/A       1%          7
n - Dragon Form           Tmut           58%        N/A       1%          7
o - Infestation           Necr           58%        N/A       1%          8
Your spell library was empty.

Dungeon Overview and Level Annotations

Branches:
Dungeon (15/15)            Temple (1/1) D:4            Lair (5/5) D:10
  Swamp (4/4) Lair:3       Spider (4/4) Lair:2        Slime (0/5) Lair:5
    Orc (2/2) D:11            Elf (3/3) Orc:2        Vaults (3/5) D:14
 Depths (0/4) D:15         Bailey (visited)
  Crypt: Vaults:2-3

Altars:
Ashenzari
Dithmenos
Elyvilon
Fedhas
Hepliaklqana
Makhleb
Okawaru
Qazlal
Trog
Uskayaw
Xom
Yredelemnul
Zin

Shops:
D:1 (   D:6 :   Orc:2 !(*   Elf:1 [(=!=   Elf:2 *   Elf:3 (

Portals:
Trove: Vaults:1 (give 4 scrolls of fear)

Annotations:
D:3 2 transporters, Darkkill's ghost, amateur MiHu
D:12 1 runed translucent door, sirJeffrey23's ghost, journeyman DsFi
Elf:2 3 runed translucent doors
Vaults:3 Sojobo


Innate Abilities, Weirdness & Mutations

You are immune to sickness and miasma.
You are immune to poison.
Your flesh is very heat resistant. (rF++)
You are vulnerable to cold. (rC-)
You float through the air rather than walking.
You learn spells naturally, not from books.
Your magical power is your life essence.
You have superior vitality. (+4 MHP)
You are frail. (-10% HP)


Message History

Aim: Sojobo, wielding a +1 great sword of electrocution and wearing a +4 scale mail of cold resistance (severely wounded, repelling missiles, not watching you, ally target, 2% to hit)
You shoot a sling bullet. The sling bullet misses Sojobo.
The yaktaur captain shoots a bolt.
The bolt hits you!!
* * * LOW HITPOINT WARNING * * *
The tengu reaver casts a spell at you. The bolt of negative energy misses you.
The bolt of negative energy hits your peacekeeper.
Your peacekeeper completely resists.
You swap places.
Sojobo conjures a fierce blast of wind!
You are blown backwards!
Your vault sentinel and your peacekeeper are blown away by the wind.
Unknown command.
Fire: Z) +2 sling "Spiderslayer" {antimagic, rElec Int+8 Dex-3 SInv}
Press: ? - help, Q - select action, (/) - cycle Shift-Dir - straight line, f - tengu reaver, p - Sojobo
Aim: a tengu reaver, wielding a +0 war axe, wearing a +0 scale mail and wearing a +0 buckler (almost dead, ally target, 64% to hit)
You shoot a sling bullet.
The tengu reaver blocks the sling bullet.
Your ironbound convoker barely misses Sojobo.
The yaktaur captain shoots a bolt.
The bolt hits your ironbound convoker!!
Casting: Borgnjor's Vile Clutch (safe; 0% risk of failure)
Confirm with . or Enter, or press ? or * to list all spells.
Aiming: Borgnjor's Vile Clutch (safe; 0% risk of failure)
Press: ? - help, Shift-Dir - straight line, f - Sojobo, p - tengu reaver
Aim: Sojobo, wielding a +1 great sword of electrocution and wearing a +4 scale mail of cold resistance (severely wounded, repelling missiles, not watching you, ally target, 100% to hit)
Zombie hands grab Sojobo.
* * * LOW HITPOINT WARNING * * *
The zombie hands constrict Sojobo.
Your peacekeeper roars a battlecry!
Your crystal guardian goes into a battle-frenzy!
Sojobo waves her feathered arms in wide circles.
The air twists around and strikes you!
* * * LOW HITPOINT WARNING * * *
Your ironbound convoker gestures at your vault sentinel while chanting.
Your vault sentinel seems to grow stronger.
The tengu reaver gestures at you while chanting.
The bolt of cold hits your crystal guardian.
Your crystal guardian completely resists.
The bolt of cold hits you!!!
You feel a terrible chill!
You die...

#..... #..#####c , ,,
,,#..... ,, , #........
***#.....#########.)..)...
* #..p...............)...
,*,,
,+...............§§§§§§. ,
,,#............?..§§§{§§. ,
,,,,#...9....Q......§§§§...
, , * ,
,#.......9.Q.....§§###QQ ,
, ,#.....@..p...###§§#.#..
* **#.##'#'###c.##.##.#.#.Q
, , ,#..)...#.##...###.#..
,, ,#......###..>..#.##.. ,
, , ,#......##.#..<..##.(.
, , , ,#......#.###...##,,,
, , #......'.# ##.##,{, {
,, , , #......#.#,,### , ,
,, ,,,########## ,, ,,,


You could see Sojobo (repels missiles, clutched), a tengu reaver (ally target),
a yaktaur captain, a friendly crystal guardian (summoned, strong), a friendly
vault sentinel (summoned, strong), a friendly ironbound convoker (summoned) and
a friendly peacekeeper (summoned).

Vanquished Creatures
  Saint Roka (Elf:3)
  A Hell Sentinel (Abyss:2)
  Asterion (Elf:2)
  2 deep elf blademasters (Elf:3)
  3 deep elf master archers (Elf:3)
  4 tentacled starspawn (Abyss:2)
  Frances (Elf:1)
  Agnes (Elf:1)
  4 thorn hunters
  An eldritch tentacle (Swamp:4)
  Donald (Swamp:1)
  A tengu reaver (Vaults:3)
  Roxanne (Swamp:4)
  Kirke (Elf:1)
  A fenstrider witch (Swamp:2)
  A fire giant (D:15)
  A frost giant (D:14)
  10 deep elf sorcerers
  3 deep elf elementalists (Elf:3)
  A vault warden (Vaults:1)
  5 emperor scorpions
  4 ghost moths
  6 orc warlords
  A reaper (Abyss:2)
  A war gargoyle (D:15)
  2 broodmothers
  A very ugly thing (Vaults:1)
  11 ironbound preservers
  4 deep elf demonologists (Elf:3)
  2 vampire knights (Swamp:4)
  4 ironbound thunderhulks (Vaults:2)
  4 eleionomae
  7 dire elephants
  10 deep elf annihilators
  A bunyip (Swamp:1)
  3 spark wasps
  Snorg (D:14)
  4 deep elf death magi
  A crystal guardian (Vaults:1)
  8 deep elf high priests
  3 shambling mangroves (Swamp:4)
  4 yaktaur captains
  9 entropy weavers
  2 great orbs of eyes
  3 vault guards
  A salamander tyrant (D:13)
  Fannar (Lair:1)
  5 ogre magi
  16 hydras
  6 ironbound frosthearts
  A peacekeeper (Vaults:1)
  Erolcha (D:9)
  A catoblepas (Lair:5)
  10 centaur warriors
  3 radroaches
  6 boulder beetles
  11 two-headed ogres
  Erica (D:8)
  2 deep troll earth magi (D:15)
  13 dancing weapons
  A death knight (D:13)
  12 alligators
  21 death yaks
  A deep troll shaman (Lair:5)
  6 tengu warriors
  A thrashing horror (Abyss:2)
  Urug (D:10)
  5 orc high priests
  11 deep elf knights
  A sun demon (D:13)
  Nergalle (Orc:1)
  A fire crab (Lair:4)
  A wretched star (Abyss:2)
  5 pharaoh ants
  7 skeletal warriors
  3 steelbarb worms
  A sixfirhy (Abyss:2)
  10 orb spiders
  7 goliath frogs
  3 glowing orange brains
  3 swamp dragons
  4 bog bodies
  3 lindwurms (Vaults:2)
  5 spriggan druids
  27 deep trolls
  5 phantasmal warriors (Swamp:4)
  14 ironbound convokers
  4 spectral hydras (Swamp:4)
  2 wizards
  4 necromancers (Elf:1)
  A flayed ghost (D:15)
  A swamp dragon (shapeshifter) (D:15)
  19 deep elf archers
  32 deep elf zephyrmancers
  Pikel (D:5)
  23 deep elf pyromancers
  12 orc knights
  13 manticores
  13 cyclopes
  3 oklob plants (Swamp:4)
  16 wolf spiders
  21 ugly things
  4 orc sorcerers (Orc:2)
  A moth of wrath (Spider:3)
  An apocalypse crab (Abyss:2)
  6 black mambas
  13 elephants
  2 smoke demons (D:13)
  4 vault sentinels
  4 unseen horrors
  12 cane toads
  Joseph (D:7)
  6 torpor snails
  A gargoyle (D:11)
  A hellion (Abyss:2)
  Maggie (D:7)
  9 komodo dragons
  An unseen horror (shapeshifter) (D:11)
  9 demonic crawlers
  6 efreet
  9 freezing wraiths
  13 yaktaurs
  2 ancient zymes (Abyss:2)
  A rime drake (shapeshifter) (Elf:1)
  3 kobold demonologists (D:9)
  A hellwing (Abyss:2)
  A yaktaur (shapeshifter) (D:11)
  4 rime drakes
  A tengu conjurer (D:15)
  A merfolk (shapeshifter) (Elf:1)
  11 trolls
  A death drake zombie (Swamp:4)
  A bloated husk (Swamp:1)
  13 meliai
  A troll (shapeshifter) (D:15)
  A tarantella (shapeshifter) (D:15)
  3 hydra skeletons (Swamp:4)
  19 tarantellas
  9 tyrant leeches
  24 hornets
  A meliai (shapeshifter) (D:11)
  3 polar bears
  40 slime creatures
  Prince Ribbit (D:8)
  3 raiju (Abyss:2)
  A blink frog (shapeshifter) (D:15)
  23 blink frogs
  A dream sheep (shapeshifter) (Vaults:1)
  4 dream sheep (Lair:5)
  5 large abominations
  2 air elementals
  2 centaur simulacra (D:15)
  30 jumping spiders
  14 culicivoras
  5 wyverns
  3 vampires
  5 spriggans
  Eustachio (D:5)
  A shadow (D:11)
  A ynoxinul (Abyss:2)
  4 wraiths
  2 hogs (Elf:1)
  A human (shapeshifter) (D:11)
  2 water elementals
  Grum (D:8)
  74 yaks
  A hog (shapeshifter) (D:15)
  2 steam dragons
  6 humans (Bailey)
  5 basilisks
  2 fire elementals
  29 vampire mosquitoes
  A chaos spawn (Abyss:2)
  56 redbacks
  12 swamp worms
  6 wargs
  4 small abominations (Abyss:2)
  3 acid dragons
  11 water moccasins
  51 orc warriors
  A sky beast (D:8)
  2 ice beasts
  6 black bears
  A swamp dragon zombie (Swamp:4)
  4 swamp drakes
  17 ogres
  4 starcursed masses (Abyss:2)
  14 wolves
  9 centaurs
  3 lemures (D:5)
  A phantom (D:4)
  2 elf zombies (Elf:1)
  2 kobold brigands (D:11)
  21 bullfrogs
  5 gnoll sergeants
  11 scorpions
  An earth elemental (Elf:3)
  4 wights
  6 killer bees (D:9)
  6 howler monkeys
  4 jellies
  2 hounds
  28 orc priests
  A gnoll bouda (D:7)
  Jessica (D:2)
  3 iguanas
  12 orc wizards
  4 hell rats (Lair:1)
  11 gnolls
  8 adders
  A shadow imp (D:7)
  5 white imps
  An ufetubus (Abyss:2)
  2 dart slugs
  89 orcs
  7 ball pythons
  10 endoplasms
  2 giant cockroaches
  16 goblins
  10 hobgoblins
  8 kobolds
  2 quokkas (D:1)
  6 bats
  A frilled lizard (D:3)
  7 rats
  7 briar patches
  2 starspawn tentacles (Abyss:2)
1534 creatures vanquished.

Vanquished Creatures (collateral kills)
  Bai Suzhen (Elf:3)
  Rupert (Lair:4)
  3 vault wardens
  An emperor scorpion (Spider:4)
  5 ironbound preservers
  An ironbound thunderhulk (Vaults:2)
  2 dire elephants (Vaults:2)
  An eleionoma (Swamp:1)
  2 great orbs of eyes
  Harold (D:10)
  4 hydras
  A vault guard (Vaults:2)
  2 ironbound frosthearts (Vaults:2)
  An alligator (Swamp:1)
  A goliath frog (Swamp:4)
  A spriggan druid (Swamp:3)
  12 deep trolls
  2 swamp dragons
  An ironbound convoker (Vaults:2)
  A spectral hydra (Swamp:4)
  2 orc knights (Vaults:1)
  A wizard (Vaults:3)
  A moth of wrath (shapeshifter) (Elf:3)
  3 ugly things (Vaults:3)
  2 vault sentinels (Vaults:2)
  4 yaktaurs (Vaults:3)
  2 slime creatures (Vaults:3)
  A shapeshifter (Elf:3)
  A basilisk (D:15)
  A hydra simulacrum (Swamp:4)
  A swamp drake (Swamp:3)
  2 orc warriors
  A lemure (D:5)
  3 orc priests
  4 orcs
  A kobold (D:9)
74 creatures vanquished.

Vanquished Creatures (others)
  6 eldritch tentacles
  A death yak (Lair:5)
  2 deep elf knights (Elf:1)
  A deep elf zephyrmancer (Elf:1)
  A bloated husk (Swamp:1)
  3 humans (Elf:1)
  An orc priest (Orc:2)
  3 briar patches (Swamp:4)
  28 fungi
  57 plants
  10 starspawn tentacles (Abyss:2)
113 creatures vanquished.

Grand Total: 1721 creatures vanquished

Notes
Turn   | Place    | Note
-------+----------+-------------------------------------------
     0 | D:1      | Zonian the Djinni Ice Elementalist began the quest for the
                  | Orb.
     0 | D:1      | Zonian set off with the following spells memorised: Freeze,
                  | Frozen Ramparts, Ozocubu's Armour, Summon Ice Beast.
     0 | D:1      | Reached XP level 1. HP: 15/15 MP: 0/0
   380 | D:1      | Reached XP level 2. HP: 17/21 MP: 0/0
  1238 | D:1      | Found Exiemun's Antique Weapon Shoppe.
  1287 | D:1      | Reached XP level 3. HP: 22/25 MP: 0/0
  1287 | D:1      | Learned a level 1 spell: Sting
  1490 | D:2      | Reached skill level 4 in Spellcasting
  1574 | D:2      | Noticed Jessica
  1579 | D:2      | Killed Jessica
  1580 | D:2      | Reached XP level 4. HP: 17/31 MP: 0/0
  2058 | D:3      | Reached XP level 5. HP: 35/35 MP: 0/0
  2058 | D:3      | Learned a level 2 spell: Ensorcelled Hibernation
  2171 | D:3      | Found a transporter.
  2174 | D:3      | Found a transporter.
  2179 | D:3      | Noticed Darkkill's ghost (amateur MiHu)
  2213 | D:3      | Found a faded altar of an unknown god.
  2300 | D:3      | Found a shimmering altar of Xom.
  2462 | D:3      | Reached skill level 5 in Spellcasting
  2911 | D:4      | Reached XP level 6. HP: 7/40 MP: 0/0
  3269 | D:4      | Found a staircase to the Ecumenical Temple.
  3274 | Temple   | Entered the Ecumenical Temple
  3285 | Temple   | Became a worshipper of Ashenzari the Shackled
  3466 | D:4      | Reached skill level 6 in Spellcasting
  3466 | D:4      | Reached XP level 7. HP: 15/45 MP: 0/0
  3466 | D:4      | Learned a level 3 spell: Gell's Gravitas
  3838 | D:5      | Entered Level 5 of the Dungeon
  4400 | D:5      | Noticed a water moccasin
  4409 | D:5      | Killed a water moccasin
  4410 | D:5      | Reached skill level 7 in Spellcasting
  4410 | D:5      | Reached XP level 8. HP: 45/50 MP: 0/0
  4774 | D:5      | Noticed Eustachio
  4906 | D:5      | Killed Eustachio
  5180 | D:5      | Noticed Pikel
  5215 | D:5      | Killed Pikel
  5216 | D:5      | Reached skill level 8 in Spellcasting
  5216 | D:5      | Reached XP level 9. HP: 44/55 MP: 0/0
  5216 | D:5      | Learned a level 3 spell: Vhi's Electric Charge
  5761 | D:6      | Found Qiemebis's Book Shoppe.
  6875 | D:6      | Reached * piety under Ashenzari
  6959 | D:6      | Reached skill level 1 in Fighting
  6959 | D:6      | Reached skill level 1 in Short Blades
  7174 | D:7      | Noticed Maggie
  7260 | D:7      | Killed Maggie
  7343 | D:7      | Reached XP level 10. HP: 64/67 MP: 0/0
  7818 | D:7      | Identified a scroll of acquirement
  7829 | D:7      | Acquired a manual of Stealth
  7981 | D:7      | Reached skill level 5 in Stealth
  8638 | D:7      | Noticed Joseph
  8646 | D:7      | Killed Joseph
  8647 | D:7      | Reached skill level 5 in Fighting
  8661 | D:7      | Identified the cursed +1 helmet of Star-Bound Wisdom
                  | {Range, Evo} (You found it on level 5 of the Dungeon)
  8817 | D:7      | Found a hide-covered altar of Uskayaw.
  9624 | D:8      | Noticed Erica
  9647 | D:8      | Killed Erica
  9648 | D:8      | Reached skill level 5 in Short Blades
 10385 | D:8      | Identified the +1 ring mail of the Snail {*Corrode Int+2
                  | Stlth+}
 10493 | D:8      | Noticed Grum
 10534 | D:8      | Killed Grum
 10535 | D:8      | Reached XP level 11. HP: 39/76 MP: 0/0
 10535 | D:8      | Learned a level 5 spell: Borgnjor's Vile Clutch
 10920 | D:8      | Noticed a cyclops
 10925 | D:8      | Killed a cyclops
 11246 | D:8      | Noticed Prince Ribbit
 11250 | D:8      | Killed Prince Ribbit
 11341 | D:8      | Noticed a two-headed ogre
 11383 | D:8      | Killed a two-headed ogre
 11571 | D:9      | Found a flagged portal.
 11599 | Bailey   | Entered a bailey
 11716 | Bailey   | Noticed a vault guard
 11730 | Bailey   | Killed a vault guard
 11876 | Bailey   | Noticed a vault guard
 11906 | Bailey   | Killed a vault guard
 12424 | Bailey   | Acquired a manual of Dodging
 12750 | D:9      | Reached skill level 10 in Stealth
 12767 | D:9      | Reached skill level 5 in Dodging
 12788 | D:9      | Noticed a soul eater
 12792 | D:9      | Reached skill level 1 in Long Blades
 12798 | D:9      | Reached XP level 12. HP: 82/86 MP: 0/0
 12869 | D:9      | Noticed Erolcha
 12931 | Abyss:1  | Cast into level 1 of the Abyss (Erolcha)
 12954 | D:9      | Escaped the Abyss
 12957 | D:9      | Killed Erolcha
 13829 | D:10     | Entered Level 10 of the Dungeon
 13833 | D:10     | Noticed a two-headed ogre
 13859 | D:10     | Noticed a two-headed ogre
 13870 | D:10     | Killed a two-headed ogre
 14101 | D:10     | Noticed Urug
 14105 | D:10     | Killed Urug
 14422 | D:10     | Reached ** piety under Ashenzari
 14486 | D:10     | Noticed Harold
 14735 | D:10     | Killed Harold
 15117 | D:10     | Found a staircase to the Lair.
 15148 | D:10     | Reached skill level 5 in Long Blades
 15148 | D:10     | Reached skill level 10 in Dodging
 15297 | D:10     | Killed a two-headed ogre
 15612 | D:11     | Reached XP level 13. HP: 71/96 MP: 0/0
 15612 | D:11     | Learned a level 5 spell: Silence
 15655 | D:11     | Identified the +1 great sword "Wanogi" {vorpal, rCorr
                  | Int+3}
 16057 | D:11     | Reached skill level 1 in Shields
 16348 | D:11     | Reached skill level 10 in Fighting
 16761 | D:11     | Reached *** piety under Ashenzari
 16867 | D:11     | Found a staircase to the Orcish Mines.
 17147 | D:11     | Identified the +5 leather armour "Orohodgh" {Harm rElec
                  | rPois Int-2}
 17504 | D:12     | Reached XP level 14. HP: 54/108 MP: 0/0
 17897 | D:12     | Found a shimmering altar of Xom.
 17897 | D:12     | Noticed sirJeffrey23's ghost (journeyman DsFi)
 18153 | D:12     | Found a runed translucent door.
 18380 | D:12     | Reached skill level 10 in Long Blades
 18526 | Lair:1   | Entered Level 1 of the Lair of Beasts
 19126 | Lair:1   | Noticed Fannar
 19133 | Lair:1   | Killed Fannar
 20275 | Lair:2   | Found a hole to the Spider Nest.
 21077 | Lair:3   | Reached skill level 9 in Spellcasting
 21146 | Lair:3   | Found a staircase to the Swamp.
 21301 | Lair:3   | Reached XP level 15. HP: 113/113 MP: 0/0
 21301 | Lair:3   | Learned a level 6 spell: Starburst
 21657 | Lair:4   | Acquired a manual of Spellcasting
 22021 | Lair:4   | Reached skill level 10 in Spellcasting
 22110 | Lair:4   | Noticed Rupert
 22117 | Lair:4   | Killed Rupert
 22318 | Lair:4   | Reached skill level 11 in Spellcasting
 22528 | Lair:4   | Reached skill level 12 in Spellcasting
 22620 | Lair:5   | Entered Level 5 of the Lair of Beasts
 22770 | Lair:5   | Reached skill level 13 in Spellcasting
 23330 | Lair:5   | Found a staircase to the Slime Pits.
 23595 | Lair:5   | Reached XP level 16. HP: 119/121 MP: 0/0
 24614 | Lair:5   | Identified the +4 dagger "Nuagoniq" {vorpal, rC+ Dex+4
                  | SInv}
 25590 | D:13     | Identified the +1 demon whip of Eternal Vigilance {flame,
                  | rC- Will++}
 26196 | D:14     | Reached skill level 14 in Spellcasting
 26445 | D:14     | Found a gate to the Vaults.
 27346 | D:14     | Noticed Snorg
 27362 | D:14     | Killed Snorg
 27717 | D:15     | Entered Level 15 of the Dungeon
 27746 | D:15     | Reached XP level 17. HP: 133/133 MP: 0/0
 27746 | D:15     | Learned a level 7 spell: Malign Gateway
 27775 | D:15     | Reached skill level 15 in Spellcasting
 27985 | D:15     | Found a staircase to the Depths.
 28044 | D:15     | Found a basalt altar of Yredelemnul.
 28045 | D:15     | Found a shimmering altar of Xom.
 28047 | D:15     | Found a shimmering altar of Xom.
 28484 | D:15     | Reached skill level 16 in Spellcasting
 28511 | D:15     | Acquired a manual of Short Blades
 29261 | D:15     | Identified the +6 chain mail of Cupuwe {+Blink}
 29304 | D:15     | Identified Camon's Vellum of the Toxic Tesseract
 29708 | Orc:1    | Entered Level 1 of the Orcish Mines
 29708 | Orc:1    | Noticed Nergalle
 29711 | Orc:1    | Killed Nergalle
 29824 | Orc:2    | Entered Level 2 of the Orcish Mines
 29923 | Orc:2    | Reached **** piety under Ashenzari
 30106 | Orc:2    | Reached skill level 17 in Spellcasting
 30277 | Orc:2    | Reached XP level 18. HP: 123/140 MP: 0/0
 30277 | Orc:2    | Gained mutation: You are frail. (-10% HP) [a neqoxec]
 30379 | Orc:2    | Found Jasaxtan's Distillery.
 30396 | Orc:2    | Bought a potion of resistance for 180 gold pieces
 30396 | Orc:2    | Bought a potion of might for 72 gold pieces
 30396 | Orc:2    | Bought 2 potions of heal wounds for 180 gold pieces
 30396 | Orc:2    | Bought a potion of heal wounds for 90 gold pieces
 30417 | Orc:2    | Found Taefauss's Antique Weapon Shoppe.
 30631 | Orc:2    | Reached skill level 1 in Evocations
 30896 | Orc:2    | Identified the +0 robe "Garyj" {Rampage Stlth+}
 31171 | Orc:2    | Found Mekol's General Store.
 31183 | Orc:2    | Bought a wand of iceblast (3) for 93 gold pieces
 31203 | Orc:2    | Found Zoschudd's Jewellery Emporium.
 31361 | Orc:2    | Found a staircase to the Elven Halls.
 31526 | Orc:2    | Reached ***** piety under Ashenzari
 31648 | Spider:1 | Entered Level 1 of the Spider Nest
 33901 | Spider:2 | Reached skill level 15 in Fighting
 35098 | Spider:3 | Reached skill level 1 in Armour
 35109 | Spider:3 | Reached skill level 1 in Throwing
 35109 | Spider:3 | Reached skill level 5 in Evocations
 36237 | Spider:3 | Reached XP level 19. HP: 140/140 MP: 0/0
 36237 | Spider:3 | Learned a level 7 spell: Summon Hydra
 36538 | Spider:4 | Entered Level 4 of the Spider Nest
 37403 | Spider:4 | Identified the +9 shortbow "Iwuck" {vorpal, rPois rN+ Str+4
                  | Stlth+}
 38061 | Spider:4 | Got a gossamer rune of Zot
 38856 | Swamp:1  | Entered Level 1 of the Swamp
 38866 | Swamp:1  | Noticed Donald
 38882 | Swamp:1  | Killed Donald
 40396 | Swamp:2  | Reached XP level 20. HP: 147/147 MP: 0/0
 40656 | Swamp:2  | Acquired the +2 sling "Spiderslayer" {antimagic, rElec
                  | Int+8 Dex-3 SInv}
 40731 | Swamp:3  | Reached XP level 21. HP: 80/152 MP: 0/0
 40731 | Swamp:3  | Learned a level 7 spell: Dragon Form
 41177 | Swamp:3  | Identified the cursed +2 pair of gloves "Sibylline
                  | Soothsayer" {Cun, Self} (You found it on level 3 of the
                  | Lair of Beasts)
 41177 | Swamp:3  | Identified the cursed +2 buckler of Ashenzari's Sybil
                  | {AC+3, Fort, Self} (You took it off a tengu warrior on
                  | level 11 of the Dungeon)
 41177 | Swamp:3  | Identified the cursed +2 steam dragon scales of the Lashed
                  | Vision {Melee, Fort} (You found it on level 6 of the
                  | Dungeon)
 41827 | Swamp:4  | Entered Level 4 of the Swamp
 42007 | Swamp:4  | Identified Roxanne's Meditations on the Geologist
 42007 | Swamp:4  | Noticed Roxanne
 42107 | Swamp:4  | Reached skill level 15 in Dodging
 42518 | Swamp:4  | Paralysed by a vampire knight for 4 turns
 43951 | Swamp:4  | Found a blossoming altar of Fedhas.
 44520 | Swamp:4  | Found a basalt altar of Yredelemnul.
 44524 | Swamp:4  | Identified the +4 rapier of Prescription {venom, Fragile
                  | rN+ Stlth+}
 44542 | Swamp:4  | Got a decaying rune of Zot
 44742 | Swamp:4  | Killed Roxanne
 44801 | Swamp:4  | Upgraded the game from 0.30-a0-462-gd5975efbca to
                  | 0.30-a0-465-g8901f6c8b5
 45052 | Elf:1    | Entered Level 1 of the Elven Halls
 45117 | Elf:1    | Found Tilosmiw's Jewellery Emporium.
 45145 | Elf:1    | Found Waxur's Jewellery Boutique.
 45145 | Elf:1    | Found Huigitiegg's Antique Weapon Shop.
 45145 | Elf:1    | Noticed Kirke
 45281 | Elf:1    | Reached skill level 1 in Ranged Weapons
 45455 | Elf:1    | Found Fekuol's Distillery.
 45457 | Elf:1    | Found Liutiam's Armour Shop.
 45462 | Elf:1    | Bought a potion of haste for 130 gold pieces
 45462 | Elf:1    | Bought a potion of cancellation for 104 gold pieces
 45483 | Elf:1    | Noticed Agnes
 45498 | Elf:1    | Killed Agnes
 45748 | Elf:1    | Killed Kirke
 45749 | Elf:1    | Reached skill level 5 in Ranged Weapons
 46100 | Elf:1    | Noticed Frances
 46133 | Elf:1    | Killed Frances
 46332 | Elf:1    | Identified the Quarto of Sinister Magic
 47084 | Elf:1    | Reached XP level 22. HP: 127/158 MP: 0/0
 48346 | Elf:2    | Noticed Asterion
 48356 | Elf:2    | Killed Asterion
 48369 | Elf:2    | Reached skill level 5 in Shields
 48393 | Elf:2    | Found a runed translucent gate.
 48398 | Elf:2    | Found a runed translucent gate.
 48398 | Elf:2    | Found a runed translucent gate.
 48519 | Elf:2    | Found Ruoshon's General Store.
 48528 | Elf:2    | Bought a wand of iceblast (4) for 182 gold pieces
 48528 | Elf:2    | Bought a potion of resistance for 190 gold pieces
 48646 | Elf:3    | Entered Level 3 of the Elven Halls
 48650 | Elf:3    | Noticed Bai Suzhen
 49176 | Elf:3    | Killed Bai Suzhen
 49424 | Elf:3    | Found Qaddomee's Weapon Shop.
 50414 | Elf:3    | Identified the ring of Xom's Bemusement {rCorr Int+6}
 50704 | Abyss:2  | Cast into level 2 of the Abyss (a deep elf sorcerer)
 51165 | Abyss:2  | Found a corrupted altar of Lugonu.
 51303 | Abyss:2  | Noticed a bone dragon
 51312 | Abyss:2  | Found a corrupted altar of Lugonu.
 51497 | Elf:3    | Escaped the Abyss
 51822 | Elf:3    | Noticed Saint Roka
 51834 | Elf:3    | Killed Saint Roka
 52234 | Elf:3    | Identified the +12 hand axe of Refaijy {freeze, Str+4 Int+2
                  | Stlth+}
 52579 | Elf:3    | Identified the +0 robe of the Spider Nest {rF- Will+ SInv}
 52579 | Elf:3    | Identified the ring "Jotank" {rElec rPois rF- rC+}
 53328 | Elf:3    | Reached XP level 23. HP: 163/165 MP: 0/0
 53328 | Elf:3    | Learned a level 8 spell: Infestation
 53496 | Elf:3    | Identified the Codex of the Fulgurant Quarry
 53520 | Elf:3    | Identified the +0 cloak of the Special Ultimatums {Drain
                  | Int+3 Dex+2 Slay+3}
 53539 | Elf:3    | Identified the +1 chain mail "Fuleatir" {Harm Drain Will++
                  | Str+2}
 53539 | Elf:3    | Identified the +11 hand axe "Fezan" {flame, Str+2}
 53545 | Elf:3    | Identified the +6 shortbow "Zonian's Regret" {flame,
                  | *Corrode rPois Str+3}
 53599 | Elf:3    | Identified the +9 plate armour of the Barracuda {rF+}
 53602 | Elf:3    | Identified the +1 troll leather armour of Wumunaeg {-Cast
                  | rPois Regen+ Str+4 SInv}
 53605 | Elf:3    | Identified the Dissertation on Heat
 53620 | Elf:3    | Found the +3 Mad Mage's Maulers {Infuse+∞ RegenMP Int-3}
 53632 | Elf:3    | Identified the ring "Nebryxt" {Wiz rPois Dex+2 SInv}
 53647 | Elf:3    | Reached skill level 10 in Evocations
 54378 | Vaults:1 | Entered Level 1 of the Vaults
 56018 | Vaults:1 | Reached skill level 5 in Armour
 57105 | Vaults:1 | Found a portal to a secret trove of treasure.
 57522 | Vaults:1 | Identified the +8 battleaxe "Lyhorch" {elec, rPois rN+
                  | rCorr Int-4}
 58258 | Vaults:2 | Reached skill level 18 in Spellcasting
 58469 | Vaults:2 | Paralysed by a great orb of eyes for 4 turns
 58600 | Vaults:2 | Reached XP level 24. HP: 171/171 MP: 0/0
 60013 | Vaults:3 | Reached skill level 19 in Spellcasting
 60015 | Vaults:3 | Noticed Sojobo
 60019 | Vaults:3 | Paralysed by an air elemental for 1 turns
 60045 | Vaults:3 | Killed from afar by a tengu reaver

Illustrated notes

Levels and vault maps discovered:
D:1:      wheals_arrival_shading, layout_basic, serial_shops,
          nicolae_shop_trees, kennysheep_decorative_pillar
D:2:      layout_rooms, uniq_jessica
D:3:      layout_rooms, general_overflow_altar, nicolae_ecumenical_lake_church,
          gammafunk_ghost_mausoleum
D:4:      layout_layer_cave, minmay_temple_entry_trees
D:5:      layout_basic, st_stairs_7, uniq_eustachio, uniq_pikel
D:6:      minmay_skewed_foursquare, layout_basic, serial_shops,
          nicolae_shop_window_shopping
D:7:      layout_loops_ring, mainiacjoe_overflow_two_lobes, grunt_tough_drop,
          uniq_maggie, uniq_joseph
D:8:      layout_gridville, serial_park_tiny_2, uniq_grum, uniq_erica,
          uniq_prince_ribbit1
D:9:      layout_gridville, enter_bailey_5, uniq_erolcha
D:10:     layout_roguey, erik_lair_orcish_takeover, minmay_sticks_and_stones,
          uniq_urug, uniq_harold
D:11:     minmay_the_grid_square_5x5_4x4 [minmay_the_grid_square_5x5_inner_v,
          minmay_the_grid_square_5x5_hourglass,
          minmay_the_grid_square_5x5_three, minmay_the_grid_square_5x5_six,
          minmay_the_grid_square_5x5_longway,
          minmay_the_grid_square_5x5_prize_itemx,
          minmay_the_grid_square_5x5_prize_snowflake,
          minmay_the_grid_square_5x5_inset,
          minmay_the_grid_square_5x5_misaligned,
          minmay_the_grid_square_5x5_prize_waves,
          minmay_the_grid_square_5x5_prize_deathbox,
          minmay_the_grid_square_5x5_seven, minmay_the_grid_square_5x5_moneybag,
          minmay_the_grid_square_5x5_minibox,
          minmay_the_grid_square_5x5_three_small,
          minmay_the_grid_square_5x5_tie], layout_loops_ring,
          kennysheep_orc_monster_closet_entryway
D:12:     layout_rooms, ebering_ghost_xom, chequers_serial_rivers_small_b
D:13:     minmay_firetagon, layout_irregular_city
D:14:     layout_roguey, david_vaults_2, nrook_campfire, elves_outpost_lemuel,
          uniq_snorg
D:15:     hangedman_slaughterboxes
Temple:   hellmonk_temple_of_storms
Lair:1:   layout_loops_ring, minmay_holes, uniq_fannar
Lair:2:   layout_gridlike, spider_nest_entry_web_field, st_stairs_3,
          grunt_megastairs_2
Lair:3:   layout_misc_corridors, swamp_mist
Lair:4:   beast_lair_carwin_large_2, layout_hall_layers, uniq_rupert
Lair:5:   grunt_lair_end_beastmaster, layout_cave_pods,
          minmay_slime_entry_pillars, chequers_serial_rivers_room_b,
          st_stairs_13, minivault_25, infiniplex_staircase_pool_2
Swamp:1:  layout_falls_marsh, nicolae_swamp_very_dense_foliage, swamp_pool1,
          uniq_donald
Swamp:2:  layout_basic_swamp, evilmike_swamp_ruin_house_4
Swamp:3:  layout_falls_marsh, evilmike_swamp_ruin_house_5
Swamp:4:  byrel_swamp_growth_death_and_undeath, layout_basic_swamp, uniq_roxanne
Spider:1: spiders_nest_scorpion_pit
Spider:2: nicolae_spider_hilbert_zone_6 [nicolae_spider_hilbert_4_sides_1_open,
          nicolae_spider_hilbert_4_sides_1_open,
          nicolae_spider_hilbert_4_sides_1_open,
          nicolae_spider_hilbert_4_sides_1_open,
          nicolae_spider_hilbert_4_sides_1_open,
          nicolae_spider_hilbert_4_sides_1_open,
          nicolae_spider_hilbert_4_sides_1_open], einodemon_crawler_minivault
Spider:3: layout_spider_delve
Spider:4: spider_rune_water
Orc:1:    layout_caves, basic_altar, uniq_nergalle
Orc:2:    pubby_orc_utopia
Elf:1:    elf_arrival_001, layout_loops_corners, basic_altar, serial_shops,
          nicolae_shop_advertising_works [nicolae_subvault_shop_adworks],
          minmay_elf_necromancy, minmay_shoptagon, uniq_frances, uniq_agnes,
          uniq_kirke
Elf:2:    nicolae_elf_blades_crystal_corner, layout_geoelf_octagon,
          serial_shops, shop, uniq_asterion
Elf:3:    minmay_elf_hall_hex, layout_gridlike, serial_shops,
          nicolae_shop_hallway_plus, special_room [special_room_orc],
          uniq_bai_suzhen, uniq_saint_roka
Vaults:1: serial_ice_b, dpeg_vaults_hating_casters, nicolae_vaults_shelves_hall,
          ontoclasm_vaults_twist, grunt_vaults_bifocal,
          vaults_room_grunt_arrival_ludios, hangedman_vaults_locks,
          grunt_vaults_hallway_short, v_pattern_4, vaults_dpeg_diagonal,
          ontoclasm_vaults_ring_large, nicolae_vaults_three_branches,
          vaults_standard_mumra_x, layout_vaults_omnicross,
          nicolae_trove_entry_crystal
Vaults:2: vaults_room_boxed, ontoclasm_vaults_ring_large, v_misc_29,
          nicolae_vaults_alarming, vaults_mumra_minichess_inversion,
          nicolae_vaults_little_ls, nicolae_vaults_what_the_h,
          ontoclasm_vaults_chip, vaults_room_pool,
          nicolae_vaults_little_squares_3, nicolae_vaults_rhombus_6, v_misc_13,
          layout_vaults_omnibox
Vaults:3: ontoclasm_vaults_pinch, minmay_crypt_entry_simple_box, v_rooms_1,
          vaults_dpeg_emergency_exit, vaults_mumra_lcd,
          hangedman_vaults_restitches, nicolae_vaults_theta, vaults_dpeg_hooks,
          grunt_vaults_hallway_short, special_room_vaults [special_room_orc],
          layout_vaults_big_room, uniq_sojobo, uniq_jory, uniq_mara, uniq_xtahua

Skill      XL: |  1  2  3  4  5  6  7  8  9 10 11 12 13 14 15 16 17 18 19 20 21 22 23 24 |
---------------+-------------------------------------------------------------------------+-----
Spellcasting   | 4 5 6 7 8 9 13 14 17 18 19 | 19.0
Stealth        | 4 7 10 11 12 13 | 13.5
Dodging        | 4 5 10 13 15 | 15.6
Fighting       | 3 6 8 10 11 13 15 16 17 | 17.7
Short Blades   | 2 5 7 |  7.3
Long Blades    | 1 5 9 13 | 13.0
Shields        | 4 6 |  6.5
Evocations     | 5 8 11 | 11.5
Armour         | 1 8 |  8.5
Throwing       | 2 4 |  4.0
Ranged Weapons | 6 9 |  9.3

Action                   |  1- 3 |  4- 6 |  7- 9 | 10-12 | 13-15 | 16-18 | 19-21 | 22-24 || total
-------------------------+-------+-------+-------+-------+-------+-------+-------+-------++-------
Melee: Unarmed           |     1 |       |       |       |       |       |     2 |     6 ||     9
       Short sword       |       |    29 |   140 |   471 |   334 |    10 |       |       ||   984
       Punch             |       |       |     1 |    11 |     1 |       |       |       ||    13
       Scimitar          |       |       |       |     4 |    14 |       |    86 |       ||   104
       Double sword      |       |       |       |       |   487 |   945 |   466 |   537 ||  2435
       Dagger            |       |       |       |       |       |    11 |       |     4 ||    15
       Tailslap          |       |       |       |       |       |       |       |     2 ||     2
       Bite              |       |       |       |       |       |       |       |     2 ||     2
 Fire: Sling             |   100 |    72 |       |       |       |     2 |   131 |   347 ||   652
Throw: Boomerang         |       |       |     3 |     1 |       |       |       |       ||     4
       Dart              |       |       |     4 |     1 |       |       |     1 |     2 ||     8
       Throwing net      |       |       |       |       |     1 |       |       |     1 ||     2
 Cast: Freeze            |    13 |    40 |    18 |     5 |       |       |       |       ||    76
       Frozen Ramparts   |       |     3 |    20 |    41 |    40 |    25 |     4 |     7 ||   140
       Sting             |       |     5 |       |       |       |     6 |       |       ||    11
       Ensorcelled Hiber |       |       |     4 |     2 |       |     1 |       |     1 ||     8
       Ozocubu's Armour  |       |       |     5 |    14 |    13 |     7 |     1 |     4 ||    44
       Summon Ice Beast  |       |       |     1 |     1 |     1 |     2 |       |       ||     5
       Gell's Gravitas   |       |       |     1 |     2 |       |     1 |       |     1 ||     5
       Borgnjor's Vile C |       |       |       |    24 |    24 |   104 |   107 |    83 ||   342
       Silence           |       |       |       |       |     1 |       |       |     2 ||     3
       Starburst         |       |       |       |       |     3 |    51 |    38 |    54 ||   146
       Malign Gateway    |       |       |       |       |       |     2 |     1 |     4 ||     7
       Summon Hydra      |       |       |       |       |       |       |    18 |    18 ||    36
       Dragon Form       |       |       |       |       |       |       |     1 |     1 ||     2
       Infestation       |       |       |       |       |       |       |       |     7 ||     7
Invok: Curse Item        |       |       |     2 |     1 |     2 |     3 |       |     1 ||     9
       Shatter the Chain |       |       |       |       |     1 |       |       |     1 ||     2
 Abil: Breathe Fire      |       |       |       |       |       |       |     1 |     3 ||     4
Evoke: Wand              |       |       |     7 |    10 |     3 |     1 |     5 |    19 ||    45
       Phial of floods   |       |       |       |     1 |     1 |       |       |     1 ||     3
       Phantom mirror    |       |       |       |     1 |       |       |       |     1 ||     2
       Tin of tremorston |       |       |       |       |       |     1 |       |       ||     1
       Condenser vane    |       |       |       |       |       |       |     1 |     3 ||     4
       Lightning rod     |       |       |       |       |       |       |       |     2 ||     2
  Use: Potion            |       |     3 |     1 |     3 |     2 |     2 |     1 |     2 ||    14
       Scroll            |       |     6 |     6 |     5 |     5 |     5 |     6 |    10 ||    43
 Stab: Sleeping          |       |       |     3 |    10 |    36 |    60 |    24 |    30 ||   163
       Distracted        |       |       |     1 |     2 |     3 |     5 |     5 |     5 ||    21
       Invisible         |       |       |       |       |       |       |       |     2 ||     2
Armor: Robe              |    13 |    15 |    19 |       |       |       |       |       ||    47
       Skin              |       |       |    58 |     1 |       |       |       |     1 ||    60
       Steam dragon scal |       |       |    11 |    96 |   132 |   131 |   139 |    59 ||   568
Dodge: Dodged            |    52 |    70 |    99 |   319 |   448 |   765 |   736 |   493 ||  2982
Block: Buckler           |       |       |       |       |   232 |   361 |   286 |     5 ||   884
       Kite shield       |       |       |       |       |       |       |       |   518 ||   518
       Reflection        |       |       |       |       |       |       |       |    53 ||    53

Table legend: (Time is in decaauts)
 A = Elapsed time spent in this place.
 B = Non-inter-level travel time spent in this place.
 C = Inter-level travel time spent in this place.
 D = Time resting spent in this place.
 E = Time spent auto-exploring this place.
 F = Levels seen in this place.
 G = Mean time per level.
                   A        B        C        D        E       F      G
               +--------+--------+--------+--------+--------+-----+--------+
         Total |  59230 |  57093 |   2137 |  26767 |  16781 |  40 | 1480.8 |
       Dungeon |  22874 |  22173 |    701 |  10746 |   6922 |  15 | 1524.9 |
        Temple |     22 |     11 |     11 |      0 |      2 |   1 |   22.0 |
          Lair |   6738 |   6366 |    372 |   2158 |   2713 |   5 | 1347.6 |
         Swamp |   5949 |   5778 |    171 |   3234 |   1393 |   4 | 1487.2 |
   Spider Nest |   6681 |   6440 |    241 |   2822 |   2069 |   4 | 1670.2 |
  Orcish Mines |   1918 |   1767 |    151 |    228 |    971 |   2 |  959.0 |
   Elven Halls |   8336 |   7977 |    359 |   4272 |   1380 |   3 | 2778.7 |
        Vaults |   4846 |   4717 |    129 |   2238 |   1261 |   3 | 1615.3 |
         Abyss |    777 |    777 |      0 |    254 |      0 |   2 |  388.5 |
        Bailey |   1084 |   1084 |      0 |    814 |     70 |   1 | 1084.0 |
               +--------+--------+--------+--------+--------+-----+--------+

Top non-repeatable levels by time:
   Elf:3: 3915 daAuts
   Elf:1: 2993 daAuts
 Swamp:4: 2960 daAuts
Vaults:1: 2935 daAuts
     D:8: 2568 daAuts
    D:14: 2324 daAuts
Spider:3: 2261 daAuts
  Lair:5: 2156 daAuts
    D:15: 1877 daAuts
    D:11: 1845 daAuts
Vaults:2: 1802 daAuts
     D:6: 1773 daAuts
Spider:4: 1747 daAuts
   Orc:2: 1727 daAuts
     D:7: 1694 daAuts
